 Dungeon Crawl Stone Soup version 0.21-a0-352-g5b8f553 (webtiles) character file.

15465 tof the Protected (level 12, -3/108 HPs)
             Began as a Minotaur Monk on Oct 11, 2017.
             Was the Champion of Okawaru.
             Slain by a ten-headed hydra (12 damage)
             ... on level 2 of the Lair of Beasts.
             The game lasted 00:34:36 (14892 turns).

tof the Protected (Minotaur Monk)                  Turns: 14892, Time: 00:34:37

Health: -3/108     AC: 16    Str: 25    XL:     12   Next: 1%
Magic:  11/11      EV: 17    Int:  7    God:    Okawaru [******]
Gold:   234        SH:  0    Dex: 14    Spells: 11/11 levels left

rFire    . . .     SeeInvis .   R - +2 hand axe "Jaamn" {chop, +Rage rElec rN+ MR+}
rCold    + . .     Gourm    +   (no shield)
rNeg     + + .     Faith    .   y - +0 scale mail of the Equinox {rElec Str+3 Dex+2}
rPois    .         Spirit   .   A - +1 hat
rElec    +         Reflect  .   t - +0 cloak
rCorr    .         Harm     .   u - +0 pair of gloves
MR       .....                  (no boots)
Stlth    ..........             o - amulet of the gourmand
HPRegen  0.28/turn              O - +3 ring of slaying
MPRegen  0.12/turn              C - ring of positive energy

@: vulnerable, very slightly contaminated
A: retaliatory headbutt, horns 2, yellow scales 1, cold resistance 1, evolution
1, sturdy frame 1
a: Heroism, Finesse, Renounce Religion, Evoke Berserk Rage


You were on level 2 of the Lair of Beasts.
You worshipped Okawaru.
Okawaru was exalted by your worship.
You were completely stuffed.

You visited 3 branches of the dungeon, and saw 14 of its levels.
You also visited: Ossuary.

You collected 570 gold pieces.
You spent 336 gold pieces at shops.

Inventory:

Hand Weapons
 a - a +1 hand axe
 n - a +0 war axe
 B - a +0 battleaxe
 R - the +2 hand axe "Jaamn" (weapon) {chop, +Rage rElec rN+ MR+}
   (You found it on level 11 of the Dungeon)

   It inflicts extra damage upon your enemies.
   It insulates you from electricity.
   It protects you from negative energy.
   It affects your resistance to hostile enchantments.
   It lets you go berserk.
Armour
 t - a +0 cloak (worn)
 u - a +0 pair of gloves (worn)
 y - the +0 scale mail of the Equinox (worn) {rElec Str+3 Dex+2}
   (You took it off an orc on level 4 of the Dungeon)

   It affects your strength (+3).
   It affects your dexterity (+2).
   It insulates you from electricity.
 A - a +1 hat (worn)
Jewellery
 m - an uncursed amulet of regeneration
 o - an amulet of the gourmand (around neck)
 C - a ring of positive energy (right hand)
 D - a +2 ring of dexterity
 H - an uncursed amulet of faith {unknown}
 O - a +3 ring of slaying (left hand)
Wands
 J - a wand of clouds (1/9)
 U - a wand of confusion (10/48)
Scrolls
 b - 5 scrolls of amnesia
 d - 2 scrolls of enchant weapon
 e - 2 scrolls of recharging
 i - 7 scrolls of teleportation
 p - a scroll of fear {unknown}
 r - 8 scrolls of remove curse
 x - 3 scrolls of enchant armour {unknown}
 F - 6 scrolls of magic mapping {unknown}
 I - a scroll of immolation {unknown}
 P - a scroll of torment {unknown}
Potions
 g - 3 potions of ambrosia {unknown}
 j - 2 potions of might
 l - 11 potions of curing
 w - 7 potions of flight {unknown}
 K - 2 potions of heal wounds {unknown}
 L - 4 potions of lignification
 V - a potion of resistance
 W - a potion of cancellation
Books
 q - a book of Minor Magic

   Spells                             Type                      Level
   a - Magic Dart                     Conjuration                  1
   b - Blink                          Translocation                2
   c - Call Imp                       Summoning                    2
   d - Slow                           Hexes                        2
   e - Conjure Flame                  Conjuration/Fire             3
   f - Mephitic Cloud                 Conjuration/Poison/Air       3
 s - a book of Maledictions

   Spells                             Type                      Level
   a - Corona                         Hexes                        1
   b - Ensorcelled Hibernation        Hexes/Ice                    2
   c - Confuse                        Hexes                        3
   d - Tukima's Dance                 Hexes                        3
   e - Dazzling Spray                 Conjuration/Hexes            3
 G - a book of Geomancy

   Spells                             Type                      Level
   a - Sandblast                      Earth                        1
   b - Passwall                       Transmutation/Earth          2
   c - Stone Arrow                    Conjuration/Earth            3
   d - Petrify                        Transmutation/Earth          4
   e - Lee's Rapid Deconstruction     Earth                        5
 Q - a book of Power

   Spells                             Type                      Level
   a - Iskenderun's Battlesphere      Conjuration/Charms           5
   b - Venom Bolt                     Conjuration/Poison           5
   c - Bolt of Magma                  Conjuration/Fire/Earth       5
   d - Iron Shot                      Conjuration/Earth            6
   e - Orb of Destruction             Conjuration                  7
   f - Spellforged Servitor           Conjuration/Summoning        7
Miscellaneous
 N - a phantom mirror
Comestibles
 c - 12 bread rations
 h - 14 fruits
 v - 5 meat rations
 z - 4 chunks of flesh
 E - 6 royal jellies


   Skills:
 + Level 10.7 Fighting
 + Level 11.9 Axes
 * Level 13.9 Armour
 + Level 10.0 Dodging
 - Level 1.5 Stealth


You had 11 spell levels left.
You didn't know any spells.

Dungeon Overview and Level Annotations

Branches:
Dungeon (11/15)            Temple (1/1) D:4            Lair (2/6) D:9
    Orc (0/2) D:10
  Swamp: Lair:2-4    Shoals: Lair:2-4     Snake: Lair:2-4    Spider: Lair:2-4

Altars:
Cheibriados
Fedhas
Gozag
Hepliaklqana
Kikubaaqudgha
Makhleb
Nemelex Xobeh
Okawaru
Ru
Sif Muna
Trog
Uskayaw
Vehumet
Xom
Yredelemnul
Zin
Beogh

Shops:
D:2 *   D:8 }   D:11 !


Innate Abilities, Weirdness & Mutations

You reflexively headbutt those who attack you in melee.
You have a pair of horns on your head.
You are partially covered in yellow scales. (AC +2)
Your flesh is cold resistant. (rC+)
You evolve.
Your movements are slightly less encumbered by armour. (ER -2)


Message History

The ten-headed hydra bites you.
* * * LOW HITPOINT WARNING * * *
The ten-headed hydra barely misses you.
The ten-headed hydra completely misses you.
The ten-headed hydra misses you.
The ten-headed hydra bites you but does no damage. x2
The ten-headed hydra bites you.
* * * LOW HITPOINT WARNING * * *
The ten-headed hydra bites you but does no damage.
The ten-headed hydra bites you.
* * * LOW HITPOINT WARNING * * *
Okay, then.
Blink to where?
Press: ? - help, Dir - move target cursor You are very lightly contaminated with residual magic.
As you read the scroll of blinking, it crumbles to dust.
As you read the scroll labeled HOMEDYD YMIXA, it crumbles to dust.
Magic quickly surges around you.
It was a scroll of vulnerability.
The ten-headed hydra bites you!
You die...

## ###.#
#.@##
#..DP#
##..##
#...#
#.<.#
#....#
......##
####...#
##?..


You could see a ten-headed hydra.

Vanquished Creatures
  4 two-headed ogres
  An oklob plant (D:11)
  A black mamba (Lair:1)
  2 spiny frogs (D:9)
  Joseph (D:10)
  A centaur skeleton (D:11)
  2 trolls
  5 hippogriffs
  A vampire (D:11)
  A human (D:7)
  4 hogs (D:7)
  9 yaks (Lair:1)
  A hungry ghost (D:10)
  A porcupine (Lair:1)
  2 water moccasins (Lair:1)
  3 black bears
  An ice beast (D:8)
  2 sky beasts (D:7)
  7 orc warriors
  3 wolves
  3 eyes of draining (D:9)
  7 ogres
  2 phantoms (D:9)
  12 centaurs
  A crocodile (Lair:1)
  5 bullfrogs
  12 scorpions
  3 killer bees (D:9)
  9 wights
  3 electric eels
  3 bullfrog zombies
  5 centaur zombies
  5 crimson imps
  2 jellies
  8 orc priests
  11 hounds
  2 bullfrog skeletons
  7 orc wizards
  Jessica (D:3)
  Ijyb (D:3)
  4 worker ants
  A big kobold zombie (Ossuary)
  A hound zombie (D:6)
  A hound skeleton (D:5)
  3 mummies (Ossuary)
  A howler monkey skeleton (D:9)
  A worker ant zombie (D:9)
  4 scorpion zombies (Ossuary)
  12 adders
  A shadow imp (D:7)
  3 oozes
  An adder skeleton (D:5)
  A worm (D:2)
  6 dart slugs
  8 leopard geckos
  44 orcs
  4 ball pythons
  5 bats
  3 giant cockroaches
  2 gnoll zombies (Ossuary)
  5 goblins
  6 hobgoblins
  15 jackals
  6 quokkas
  5 frilled lizards
  A hobgoblin zombie (Ossuary)
  9 kobolds
  4 kobold zombies (Ossuary)
  A leopard gecko skeleton (D:9)
  A leopard gecko zombie (D:8)
  3 orc zombies (Ossuary)
  A quokka skeleton (D:3)
  10 rats
327 creatures vanquished.

Vanquished Creatures (others)
  A kobold zombie (Ossuary)
1 creature vanquished.

Grand Total: 328 creatures vanquished

Notes
Turn   | Place    | Note
-------+----------+-------------------------------------------
     0 | D:1      | tof the Minotaur Monk began the quest for the Orb.
     0 | D:1      | Reached XP level 1. HP: 19/19 MP: 0/0
   146 | D:1      | Reached skill level 1 in Armour
   152 | D:1      | Reached XP level 2. HP: 27/27 MP: 1/1
   573 | D:1      | Reached XP level 3. HP: 33/33 MP: 2/2
   859 | D:2      | Reached skill level 2 in Armour
   927 | D:2      | Found Zin's Purification Station.
   927 | D:2      | Found a glowing silver altar of Zin.
  1116 | D:2      | Reached XP level 4. HP: 37/40 MP: 3/3
  1678 | D:3      | Noticed Jessica
  1680 | D:3      | Killed Jessica
  1680 | D:3      | Reached skill level 3 in Armour
  1700 | D:3      | Noticed Ijyb
  1718 | D:3      | Killed Ijyb
  1718 | D:3      | Reached skill level 5 in Axes
  1718 | D:3      | Reached XP level 5. HP: 43/47 MP: 4/4
  2594 | D:4      | Noticed an ogre
  2852 | D:4      | Killed an ogre
  2852 | D:4      | Reached skill level 4 in Armour
  2852 | D:4      | Reached XP level 6. HP: 53/53 MP: 5/5
  3254 | D:4      | Reached skill level 5 in Fighting
  3313 | D:4      | Got an encrusted scale mail
  3324 | D:4      | Identified the +0 scale mail of the Equinox {rElec Str+3 Dex+2} (You took it off an orc on level 4 of the Dungeon)
  3336 | D:4      | Found a sparkling altar of Nemelex Xobeh.
  3399 | D:4      | Reached skill level 5 in Armour
  3399 | D:4      | Reached XP level 7. HP: 45/61 MP: 6/6
  3746 | D:4      | Found a staircase to the Ecumenical Temple.
  3755 | Temple   | Entered the Ecumenical Temple
  3761 | Temple   | Became a worshipper of Warmaster Okawaru
  3761 | Temple   | Reached * piety under Okawaru
  3761 | Temple   | Reached ** piety under Okawaru
  3811 | D:5      | Entered Level 5 of the Dungeon
  3905 | D:5      | Found a deep blue altar of Sif Muna.
  3908 | D:5      | Found a snail-covered altar of Cheibriados.
  3911 | D:5      | Found a sacrificial altar of Ru.
  3914 | D:5      | Found an ancient bone altar of Kikubaaqudgha.
  4387 | D:5      | Found a sand-covered staircase.
  4392 | Ossuary  | Entered an ossuary
  4456 | Ossuary  | Reached skill level 5 in Dodging
  4457 | Ossuary  | Reached skill level 6 in Armour
  4866 | Ossuary  | Reached XP level 8. HP: 67/70 MP: 7/7
  5375 | D:5      | Found a basalt altar of Yredelemnul.
  5378 | D:5      | Found a shimmering altar of Xom.
  5845 | D:6      | Reached *** piety under Okawaru
  5848 | D:6      | Reached skill level 7 in Armour
  6460 | D:6      | Found an iron altar of Okawaru.
  6467 | D:6      | Reached skill level 8 in Armour
  6516 | D:6      | Reached XP level 9. HP: 54/78 MP: 8/8
  6785 | D:7      | Reached **** piety under Okawaru
  6834 | D:7      | Gained mutation: Armour fits poorly on your strangely shaped body. [mutagenic meat]
  6835 | D:7      | Gained mutation: You are partially covered in yellow scales. (AC +2) [mutagenic meat]
  6836 | D:7      | Gained mutation: Your flesh is cold resistant. (rC+) [mutagenic meat]
  6837 | D:7      | Gained mutation: You have supernaturally acute eyesight. (SInv) [mutagenic meat]
  7071 | D:7      | Found a transporter.
  7110 | D:7      | Found a transporter.
  7279 | D:7      | Reached skill level 9 in Armour
  7901 | D:7      | Reached ***** piety under Okawaru
  7905 | D:7      | Reached skill level 10 in Armour
  8640 | D:8      | Reached XP level 10. HP: 50/88 MP: 9/9
  8820 | D:8      | Found Maasoyx's Gadget Emporium.
  8875 | D:8      | Reached skill level 10 in Axes
  9006 | D:8      | Noticed a two-headed ogre
  9028 | D:8      | Killed a two-headed ogre
  9352 | D:8      | Reached skill level 11 in Armour
  9589 | D:8      | Received a gift from Okawaru
  9698 | D:9      | Found a staircase to the Lair.
 10247 | D:9      | Found a bloodstained altar of Trog.
 10866 | D:9      | Reached skill level 12 in Armour
 11023 | D:10     | Entered Level 10 of the Dungeon
 11092 | D:10     | Noticed a two-headed ogre
 11099 | D:10     | Killed a two-headed ogre
 11099 | D:10     | Reached XP level 11. HP: 80/97 MP: 10/10
 11175 | D:10     | Noticed Joseph
 11185 | D:10     | Killed Joseph
 11419 | D:10     | Found a staircase to the Orcish Mines.
 11550 | D:10     | Noticed a two-headed ogre
 11567 | D:10     | Killed a two-headed ogre
 11738 | D:10     | Found a roughly hewn altar of Beogh.
 12705 | D:11     | Reached skill level 10 in Fighting
 13006 | D:11     | Noticed a two-headed ogre
 13016 | D:11     | Killed a two-headed ogre
 13016 | D:11     | Reached ****** piety under Okawaru
 13016 | D:11     | Reached skill level 13 in Armour
 13135 | D:11     | Found an opulent altar of Gozag.
 13135 | D:11     | Noticed an oklob plant
 13556 | D:11     | Killed an oklob plant
 13638 | D:11     | Got a translucent hand axe
 13639 | D:11     | Identified the +2 hand axe "Jaamn" {chop, +Rage rElec rN+ MR+} (You found it on level 11 of the Dungeon)
 13977 | D:11     | Found Keppenam's Distillery.
 13985 | D:11     | Bought a potion of resistance for 140 gold pieces
 13985 | D:11     | Bought a potion of curing for 42 gold pieces
 13985 | D:11     | Bought a potion of lignification for 42 gold pieces
 13985 | D:11     | Bought a potion of cancellation for 112 gold pieces
 14032 | D:11     | Lost mutation: You have supernaturally acute eyesight. (SInv) [potion of mutation]
 14032 | D:11     | Lost mutation: Armour fits poorly on your strangely shaped body. [potion of mutation]
 14032 | D:11     | Gained mutation: You evolve. [potion of mutation]
 14032 | D:11     | Gained mutation: Your movements are slightly less encumbered by armour. (ER -2) [potion of mutation]
 14276 | Lair:1   | Entered Level 1 of the Lair of Beasts
 14544 | D:9      | Received a gift from Okawaru
 14550 | D:9      | Got a steaming great sword {god gift}
 14573 | D:9      | Identified the +7 great sword "Qerphaoha" {antimagic, Int+4} (Okawaru gifted it to you on level 9 of the Dungeon)
 14863 | Lair:1   | Reached skill level 10 in Dodging
 14865 | Lair:1   | Reached XP level 12. HP: 100/108 MP: 11/11
 14869 | Lair:1   | Noticed a four-headed hydra
 14892 | Lair:2   | Slain by a ten-headed hydra

Vault maps used:
D:1:      lemuel_arrival_broad_hall, minivault_11
D:2:      zin_purify
D:3:      minmay_door_path, fountainhead, uniq_jessica, uniq_ijyb
D:4:      nemelex_xobeh_ov_fountains_minmay, minmay_temple_entry_glass,
          first_bread
D:5:      grunt_temple_overflow_cloverleaf, grunt_temple_overflow_open,
          nicolae_ossuary_entry_false_entrances
D:6:      basic_altar
D:7:      gammafunk_steamed_eel, serial_glass, glass_columns_a, glass_columns_a,
          grunt_livestock
D:8:      serial_shops, shop
D:9:      erik_lair_island, trog_eyes_of_draining
D:10:     minmay_orc_entry_temple_small, serial_park_tiny_pond, uniq_joseph
D:11:     serial_shops, kennysheep_little_box, lemuel_oklob_altar
Temple:   eino_narrow_crystal_temple
Lair:1:   beast_lair_carwin_large_2, lab_entry_generic,
          kennysheep_abandoned_house, grunt_megastairs_2, serial_bayou_shore_b
Ossuary:  ossuary_minmay_scorpions

Skill      XL: |  1  2  3  4  5  6  7  8  9 10 11 |
---------------+----------------------------------+-----
Armour         | 1 2 3 4 5 6 8 10 12 13 | 13.9
Axes           | 4 5 6 7 8 9 10 11 | 11.9
Fighting       | 4 5 6 8 9 10 | 10.7
Dodging        | 4 5 6 7 8 10 | 10.0
Stealth        | |  1.5

Action                   |  1- 3 |  4- 6 |  7- 9 | 10-12 || total
-------------------------+-------+-------+-------+-------++-------
Melee: Hand axe          |    64 |   157 |    47 |    65 ||   333
       Headbutt          |    13 |    30 |    71 |    80 ||   194
       War axe           |       |       |   117 |       ||   117
       Battleaxe         |       |       |   116 |   257 ||   373
Invok: Heroism           |       |       |     1 |       ||     1
  Use: Scroll            |       |       |    10 |     3 ||    13
       Potion            |       |       |     5 |     3 ||     8
 Stab: Sleeping          |     1 |       |     1 |       ||     2
  Eat: Chunk             |     1 |    20 |    20 |    25 ||    66
       Meat ration       |       |       |       |     1 ||     1
Armor: Robe              |     2 |       |       |       ||     2
       Ring mail         |    23 |     3 |       |       ||    26
       Chain mail        |       |    85 |       |       ||    85
       Scale mail        |       |       |   126 |   127 ||   253
Dodge: Dodged            |    43 |    80 |   212 |   314 ||   649

Table legend:
 A = Spawn XP
 B = Non-spawn XP
 C = Spawn XP percentage of total XP
 D = Spawn monster count
 E = Non-spawn monster count
 F = Spawn count percentage of total count
 G = Total turns spent on level
                    A         B        C        D         E        F      G
               +---------+---------+-------+---------+---------+-------+---------
         Total |       0 |   22093 |   0.0 |       0 |     327 |   0.0 | 14892
               +---------+---------+-------+---------+---------+-------+---------
           D:1 |       0 |      41 |   0.0 |       0 |      19 |   0.0 |   730
           D:2 |       0 |     101 |   0.0 |       0 |      29 |   0.0 |   915
           D:3 |       0 |     154 |   0.0 |       0 |      25 |   0.0 |  1347
           D:4 |       0 |     585 |   0.0 |       0 |      23 |   0.0 |   806
           D:5 |       0 |     407 |   0.0 |       0 |      21 |   0.0 |  1282
           D:6 |       0 |     900 |   0.0 |       0 |      19 |   0.0 |   792
           D:7 |       0 |    2364 |   0.0 |       0 |      30 |   0.0 |  1786
           D:8 |       0 |    2847 |   0.0 |       0 |      35 |   0.0 |  1253
           D:9 |       0 |    3333 |   0.0 |       0 |      34 |   0.0 |  1511
          D:10 |       0 |    4215 |   0.0 |       0 |      29 |   0.0 |  1442
          D:11 |       0 |    3384 |   0.0 |       0 |      22 |   0.0 |  1783
        Lair:1 |       0 |    3121 |   0.0 |       0 |      15 |   0.0 |   328
       Ossuary |       0 |     641 |   0.0 |       0 |      26 |   0.0 |   898
               +---------+---------+-------+---------+---------+-------+---------
